 Dungeon Crawl Stone Soup version 0.29-a0-732-g3d7fbe0af2 (webtiles) character file.

Game seed: 10169977845071412235

35 elite277 the Grave Robber (level 3, 0/24 HPs)
             Began as a Human Necromancer on June 29, 2022.
             Frozen to death by an endoplasm (1 damage)
             ... on level 2 of the Dungeon.
             The game lasted 00:06:09 (1579 turns).

elite277 the Grave Robber (Human Necromancer)       Turns: 1579, Time: 00:06:10

Health: 0/24       AC:  4    Str:  7    XL:     3   Next: 55%
Magic:  1/6        EV: 12    Int: 21    God:
Gold:   105        SH:  0    Dex: 12    Spells: 5/6 levels left

rFire   . . .      SeeInvis .   t - +1 dagger (protect)
rCold   . . .      Faith    .   (no shield)
rNeg    . . .      Spirit   .   a - +0 robe
rPois   .          Reflect  .   (no helmet)
rElec   .          Harm     .   (no cloak)
rCorr   .          Rampage  .   (no gloves)
Will    .....                   (no boots)
Stlth   ++........              (no amulet)
HPRegen 0.08/turn               (no ring)
MPRegen 0.10/turn               (no ring)

@: hasted, very quick
A: iridescent scales 1, clever 1
a: no special abilities


You were on level 2 of the Dungeon.
You visited 1 branch of the dungeon, and saw 2 of its levels.

You collected 105 gold pieces.

Inventory:

Hand Weapons
 h - a +0 dagger
 l - a +0 short sword
 p - a +0 sling
 s - a +2 demon blade of venom
 t - a +1 dagger of protection (weapon)
Missiles
 e - 6 poisoned darts (quivered)
Armour
 a - a +0 robe (worn)
 c - a +0 leather armour
Jewellery
 f - an amulet of faith
Scrolls
 g - a scroll of teleportation {unknown}
 j - a scroll of brand weapon {unknown}
 m - 2 scrolls of fog {unknown}
 n - a scroll of summoning {unknown}
 q - a scroll of vulnerability {unknown}
Potions
 b - a potion of magic
 o - a potion of flight {unknown}
 r - a potion of might {unknown}


   Skills:
 + Level 0.1 Long Blades
 + Level 1.1 Throwing
 + Level 2.1 Dodging
 + Level 2.0 Stealth
 + Level 2.3 Spellcasting
 + Level 4.5 Necromancy


You had 5 spell levels left.
You knew the following spells:

 Your Spells              Type           Power      Damage    Failure   Level
a - Necrotize             Necr           84%        1d8       2%          1

Your spell library contained the following spells:

 Spells                   Type           Power      Damage    Failure   Level
 Vampiric Draining        Necr           21%        2d7       7%          3
 Animate Dead             Necr           21%        N/A       22%         4
 Agony                    Necr           21%        N/A       52%         5


Dungeon Overview and Level Annotations

Branches:
Dungeon (2/15)

Altars:


Innate Abilities, Weirdness & Mutations

You are partially covered in iridescent scales. (AC +2)
Your mind is acute. (Int +4, Str/Dex -1)


Message History

The endoplasm barely misses your bat skeleton.
The kobold hits your bat skeleton with a +0 short sword.
Your bat skeleton barely misses the kobold.
You see here a dart slug corpse.
Your bat skeleton hits the kobold but does no damage.
Your bat skeleton misses the kobold.
The endoplasm hits your bat skeleton.
The kobold hits your bat skeleton with a +0 short sword.
Your bat skeleton is destroyed!
The kobold shouts!
Throw: 7 darts (poison)
Press: ? - help, Q - select action, (/) - cycle Shift-Dir - straight line, f - endoplasm
Aim: an endoplasm (85% to hit)
You throw a poisoned dart. The poisoned dart hits the endoplasm.
Casting: Necrotize (safe; 3% risk of failure)
Confirm with . or Enter, or press ? or * to list all spells.
Aiming: Necrotize (safe; 3% risk of failure)
Press: ? - help, Shift-Dir - straight line, f/p - endoplasm
Aim: an endoplasm (chance to affect: 87%)
The endoplasm writhes in agony.
You hit the endoplasm.
Your weapon exudes an aura of protection.
The endoplasm is heavily wounded.
The endoplasm freezes you.
You are frozen.
* * * LOW HITPOINT WARNING * * *
It was a potion of cancellation.
You feel magically purged. The endoplasm hits you.
* * * LOW HITPOINT WARNING * * *
It was a potion of mutation.
You feel extremely strange.
You feel clever.
Iridescent scales grow over part of your body.
The endoplasm freezes you.
You are frozen.
* * * LOW HITPOINT WARNING * * *
There is an open door here.
The endoplasm attacks as you move away! The endoplasm barely misses you.
It was a potion of haste.
You feel yourself speed up. The endoplasm freezes you.
You are frozen.
You die...

.#####.# ...........#
.....#.# ...?.......#
.###.#.# ......(....#
...#.#'###########.#
...#.............#†#
...#..>..........#.#
##.#.............#.#
...#......(...>..#K##
.#.#.#####......@J..#
.#.#.# #......†...#
.#.#.# #..........#
.#'#.### #..........#
.......# #..........#
.......# #..........#
.......# ###..####.##
.......# ##.# #.#
.......# ... ..


You could see an endoplasm and a kobold.

Vanquished Creatures
  A worm (D:2)
  3 dart slugs
  2 ball pythons (D:1)
  7 bats
  2 endoplasms
  A giant cockroach (D:2)
  A hobgoblin (D:1)
  2 kobolds
  3 quokkas
  3 frilled lizards (D:1)
25 creatures vanquished.

Notes
Turn   | Place    | Note
-------+----------+-------------------------------------------
     0 | D:1      | elite277 the Human Necromancer began the quest for the Orb.
     0 | D:1      | Reached XP level 1. HP: 13/13 MP: 3/3
   252 | D:1      | Reached XP level 2. HP: 4/19 MP: 0/5
  1015 | D:1      | Reached XP level 3. HP: 24/24 MP: 1/6
  1523 | D:2      | Reached skill level 1 in Throwing
  1575 | D:2      | Gained mutation: Your mind is acute. (Int +4, Str/Dex -1)
                  | [potion of mutation]
  1575 | D:2      | Gained mutation: You are partially covered in iridescent
                  | scales. (AC +2) [potion of mutation]
  1575 | D:2      | HP: 1/24 [frozen (3)]
  1579 | D:2      | Frozen to death by an endoplasm

Illustrated notes

Levels and vault maps discovered:
D:1:      saegor_arrival_simple_d, layout_basic, serial_forest,
          infiniplex_forest_clump_small, infiniplex_forest_straight_4,
          infiniplex_forest_lined_4_way, infiniplex_forest_clump_large,
          infiniplex_forest_clump_curved, infiniplex_forest_clump_large,
          infiniplex_forest_zigzag_1
D:2:      cheibrodos_fertilizer, layout_basic,
          shapermc_ecumenical_altar_mp_vishouse, uniq_robin

Skill      XL: |  1  2  3 |
---------------+----------+-----
Throwing       | 1 |  1.1
Long Blades    | |  0.1
Dodging        | |  2.1
Stealth        | |  2.0
Spellcasting   | |  2.3
Necromancy     | |  4.5

Action                   || total
-------------------------++-------
Melee: Unarmed           ||     3
       Dagger            ||     9
       Demon blade       ||     6
       Punch             ||     1
Throw: Dart              ||    15
 Cast: Necrotize         ||    47
  Use: Potion            ||     3
Armor: Robe              ||    19
Dodge: Dodged            ||    34

Table legend: (Time is in decaauts)
 A = Elapsed time spent in this place.
 B = Non-inter-level travel time spent in this place.
 C = Inter-level travel time spent in this place.
 D = Time resting spent in this place.
 E = Time spent auto-exploring this place.
 F = Levels seen in this place.
 G = Mean time per level.
                   A        B        C        D        E       F      G
               +--------+--------+--------+--------+--------+-----+--------+
         Total |   1579 |   1551 |     28 |      0 |    800 |   2 |  789.5 |
       Dungeon |   1579 |   1551 |     28 |      0 |    800 |   2 |  789.5 |
               +--------+--------+--------+--------+--------+-----+--------+

Top non-repeatable levels by time:
     D:1: 1402 daAuts
     D:2: 177 daAuts
